 Dungeon Crawl Stone Soup version 0.01-2115-ge649c80b0b (webtiles) character file.

Game seed: 10234393012577305421, levelgen mode: deterministic

205 Lanoc the Twirler (level 5, -1/37 HPs) Lignifite Berserker. Began on June 5, 2020. Was a Believer of Trog. Slain by an adder (3 damage) ... on level 3 of the Dungeon. The game lasted 00:02:51 (735 turns).

Lanoc the Twirler (Lignifite Berserker)              Turns: 735, Time: 00:02:51

Health: -1/37      AC:  1    Str: 28    XL:     5 ^: 86
Magic:  6/6        EV: 17    Int:  8    God:    Trog [**.... (59)]
Gold:   45         SH:  2    Dex:  8    Spells: 4/4 levels left

rFire    x . .     Vision   .   a - +0 mace
rCold    . . .     Gourm    .   (weapon restricted)
rNeg     . . .     Faith    .   b - +0 animal skin
rPois    +         Spirit   .   (helmet restricted)
rElec    .         Reflect  .   (no cloak)
rCorr    .         Harm     .   (gloves unavailable)
MR       .....     Rnd*Rage +   (boots unavailable)
Stlth    +.........             f - amulet of magic regeneration
HPRegen  0.22/turn              (no ring)
MPRegen  0.41/turn              (no ring)

@: mighty, berserk cooldown, quick
A: very small, rF-, deformed body, speed 1, poison resistance, slow metabolism
1, torment resistance, plant, rot immunity
a: Berserk, Trog's Hand, Renounce Religion


You were on level 3 of the Dungeon.
You worshipped Trog.
Trog was pleased with you.
You were hungry.

You visited 1 branch of the dungeon, and saw 3 of its levels.

You collected 45 gold pieces.

Inventory:

Weapons
 a - a +0 mace (weapon) Shields
 h - a +0 heater shield
Armour
 b - a +0 animal skin (worn)
 l - a +1 pair of gloves
Jewellery
 f - an amulet of magic regeneration (around neck)
Scrolls
 e - 2 scrolls of fear
 g - a scroll of enchantment
 i - a scroll of magic mapping
 k - a scroll of fog
Comestibles
 c - 7 rations
 j - 7 chunks of flesh


   Skills:
 + Level 4.0 Fighting
 * Level 5.4 Maces & Staves
 + Level 3.6 Dodging


You had 4 spell levels left.
You didn't know any spells.
Your spell library was empty.

Dungeon Overview and Level Annotations

Branches:
Dungeon (3/8)

Altars:

Annotations:
D:2 Eustachio


Innate Abilities, Weirdness & Mutations

Your woody flesh burns easily. (rF-)
A tangle of shorter branches protects your body from attack. (+2 SH)
You are very small and have problems with some larger weapons.
You are too small for most types of armour.
Armour fits poorly on your strangely shaped body.
You cover ground quickly.
Your system is resistant to poisons. (rPois)
You have a slow metabolism.
You are immune to unholy pain and torment.
You require very little carbon dioxide to survive.
You are immune to rotting.
You frequently lose your temper in combat.
This godly rage surpasses even clarity. (*Rage)


Message History

Found a stone staircase leading up.
You hit the hound skeleton (5).
The hound skeleton is moderately damaged. (15/20) HP You barely miss the hound skeleton.
The hound skeleton is moderately damaged. (15/20) HP The hound skeleton bites you (3).
* * * LOW HITPOINT WARNING * * *
You hit the hound skeleton (5).
The hound skeleton is heavily damaged. (10/20) HP You hit the hound skeleton (1).
The hound skeleton is heavily damaged. (9/20) HP The hound skeleton misses you (0).
You feel very mighty all of a sudden. The adder misses you (0).
You hit the adder (5).
The adder is heavily wounded. (6/11) HP You closely miss the adder.
The adder is heavily wounded. (6/11) HP The adder bites you (3).
You die...

# .. ...########
######
..........#####......
.....................
#KZ....l........
#S######........ #@#
#........ #.#
#<....... ...
#.S...... ....#
...?...?. ......
..........
......#.#.l........
.........#.......##!
....<.... ...?....#
..........


You could see an adder, a kobold and a hound skeleton.

Vanquished Creatures
  A crocodile (D:2)
  A big kobold (D:2)
  2 cinder newts (D:1)
  A worm (D:2)
  An ooze (D:2)
  2 dart slugs (D:1)
  2 ball pythons
  4 bats (D:1)
  3 giant cockroaches
  3 hobgoblins (D:1)
  A bat skeleton (D:2)
  3 goblins (D:1)
  9 kobolds
  8 rats (D:1)
41 creatures vanquished.

Notes
Turn   | Place    | Note
-------+----------+-------------------------------------------
     0 | D:1      | Lanoc the Lignifite Berserker began the quest for the Orb.
     0 | D:1      | Reached XP level 1. HP: 14/14 MP: 2/2
   106 | D:1      | Reached XP level 2. HP: 14/21 MP: 3/3
   253 | D:1      | Received a gift from Trog
   276 | D:1      | Reached ** piety under Trog
   276 | D:1      | Reached skill level 4 in Maces & Staves
   276 | D:1      | Reached XP level 3. HP: 23/26 MP: 4/4
   634 | D:2      | Noticed a crocodile
   643 | D:2      | Killed a crocodile
   643 | D:2      | Reached skill level 5 in Maces & Staves
   643 | D:2      | Reached XP level 4. HP: 24/33 MP: 5/5
   672 | D:2      | Noticed a big kobold
   673 | D:2      | Noticed Eustachio
   691 | D:2      | Killed a big kobold
   691 | D:2      | Reached XP level 5. HP: 33/37 MP: 6/6
   732 | D:3      | HP: 1/37 [hound skeleton (3)]
   735 | D:3      | Slain by an adder

Levels and vault maps discovered:
D:1:      lordsloth_arrival_two_stooges, layout_loops_ring
D:2:      layout_sewer, serial_shops, kennysheep_mini_moat, first_ration,
          uniq_duvessa, uniq_purgy, uniq_eustachio, uniq_natasha
D:3:      layout_rooms, marbit_many_paths, basic_altar, uniq_edmund

Skill      XL: |  1  2  3  4 |
---------------+-------------+-----
Maces & Staves | 4 5 |  5.4
Dodging        | 3 |  3.6
Fighting       | 4 |  4.0

Action                   |  1- 3 |  4- 6 || total
-------------------------+-------+-------++-------
Melee: Mace              |    77 |    33 ||   110
       Unarmed           |    47 |    24 ||    71
Invok: Berserk           |     1 |     1 ||     2
  Use: Potion            |       |     1 ||     1
Armor: Animal skin       |     4 |     1 ||     5
Dodge: Dodged            |    79 |    50 ||   129
Block: Other             |     3 |     3 ||     6
